 Dungeon Crawl Stone Soup version 0.29.0-11-gd7f09526c8 (webtiles) character file.

Game seed: 15704182580549856546

64843 Shayle the Basher (level 15, -5/92 (97) HPs)
             Began as a Tengu Brigand on Sept 2, 2022.
             Was a Follower of Ashenzari.
             Killed from afar by an orc sorcerer (31 damage)
             ... with a bolt of negative energy
             ... while paralysed by an orc sorcerer
             ... on level 2 of the Orcish Mines.
             The game lasted 01:54:10 (27399 turns).

Shayle the Basher (Tengu Brigand)                  Turns: 27399, Time: 01:54:11

HP:   -5/92 (97)    AC: 11    Str: 12    XL:     15   Next: 14%
MP:   30/30         EV:  2    Int: 18    God:    Ashenzari [*.....]
Gold: 1804          SH:  0    Dex: 16    Spells: 11/35 levels left

rFire   . . .      SeeInvis .   f - +9 eveningstar (protect)
rCold   + . .      Faith    .   (no shield)
rNeg    . . .      Spirit   .   K - +1 steam dragon scales
rPois   .          Reflect  .   (helmet restricted)
rElec   .          Harm     .   y - +2 cloak
rCorr   .          Rampage  .   (no gloves)
Will    +....                   (boots unavailable)
Stlth   ++++......              x - amulet of regeneration
HPRegen 1.05/turn               P - ring "I Foresaw This" {rC+, Melee, Bglg} (curse)
MPRegen 0.22/turn               r - ring of the Fated Oblivion {Wiz, Self, Comp} (curse)

@: paralysed, flying quickly and evasively, drained, quick
A: beak, talons 3, nimble flight
a: Renounce Religion, Curse Item, Shatter the Chains


You were on level 2 of the Orcish Mines.
You worshipped Ashenzari.
Ashenzari was aware of your devotion.
You visited 4 branches of the dungeon, and saw 20 of its levels.
You also visited: Ice Cave and Volcano.

You collected 1804 gold pieces.

Inventory:

Hand Weapons
 a - a +2 dagger
 f - a +9 eveningstar of protection (weapon)
 N - the +0 war axe "Erchyad" {freeze, rPois}
   (You found it on level 1 of the Lair of Beasts)

   It freezes those it strikes, dealing additional cold damage.
   It can also slow down cold-blooded creatures.
   rPois:     It protects you from poison.
Missiles
 d - 37 poisoned darts
 e - 7 curare-tipped darts (quivered)
Armour
 w - the +0 robe of Knowledge {Drain rF+++ rC+ rCorr}
   (You found it on level 11 of the Dungeon)

   rF:        It renders you almost immune to fire.
   rC:        It protects you from cold.
   rCorr:     It protects you from acid and corrosion.
   Drain:     It drains your maximum health when unequipped.
 y - a +2 cloak (worn)
 C - the +2 cloak of the Thief {*Fog Slay-2 SInv Stlth+}
   (You found it in a volcano)

   It may release a thick cloud of smoke when the wearer is hurt.
   Slay:      It affects your accuracy & damage with ranged weapons and melee
   (-2).
   SInv:      It lets you see invisible.
   Stlth:     It makes you more stealthy.
 K - +1 steam dragon scales (worn)
 T - a +1 leather armour of resistance
Magical Staves
 g - a staff of fire
Jewellery
 h - a +4 ring of slaying
 r - the cursed ring of the Fated Oblivion (right hand) {Wiz, Self, Comp}
   (You found it on level 2 of the Dungeon)

   [ring of wizardry]

   It improves your spell success rate.
   It has a curse which improves the following skills: Introspection: Fighting
   and Spellcasting.
   Companions: Summonings and Necromancy.
 x - an amulet of regeneration (around neck)
 P - the cursed ring "I Foresaw This" (left hand) {rC+, Melee, Bglg}
   (You found it on level 1 of the Lair of Beasts)

   [ring of protection from cold]

   rC:        It protects you from cold.
   It has a curse which improves the following skills: Melee Combat: Short
   Blades, Long Blades, Axes, Maces & Flails, Polearms, Staves and Unarmed
   Combat.
   Beguiling: Conjurations, Hexes and Translocations.
 R - a +4 ring of evasion
 S - a ring of poison resistance
 U - a ring of willpower
 V - a ring of positive energy
Wands
 c - a wand of light (17)
 v - a wand of flame (26)
 I - a wand of digging (5)
 L - a wand of polymorph (5)
 M - a wand of roots (4)
 W - a wand of charming (3)
Scrolls
 b - a scroll of blinking
 k - 5 scrolls of poison
 l - 13 scrolls of teleportation
 o - 2 scrolls of vulnerability
 t - 5 scrolls of magic mapping
 B - 2 scrolls of silence
 F - 8 scrolls of identify
 G - 2 scrolls of amnesia
 H - 5 scrolls of brand weapon
 O - 2 scrolls of torment
 Q - a scroll of fog
 Y - a scroll of fear
Potions
 i - 3 potions of mutation
 j - a potion of cancellation
 m - a potion of resistance
 n - 2 potions of ambrosia
 p - 2 potions of haste
 q - a potion of might
 s - a potion of magic
 u - 4 potions of flight
 z - 3 potions of brilliance
 A - a potion of lignification
 E - a potion of curing
 J - a potion of invisibility
 X - a potion of heal wounds
Miscellaneous
 D - a phantom mirror


   Skills:
 + Level 11.9(12.7) Fighting
 - Level 2.1(2.8) Short Blades
 * Level 13.7(14.5) Maces & Flails
 - Level 2.0 Throwing
 + Level 8.1 Armour
 - Level 9.8 Dodging
 - Level 8.0 Stealth
 - Level 9.6(10.5) Spellcasting
 - Level 9.2(10.1) Conjurations
 - Level 5.7(6.5) Necromancy
 + Level 0.7 Ice Magic
 + Level 5.8 Earth Magic


You had 11 spell levels left.
You knew the following spells:

 Your Spells              Type           Power      Damage    Failure   Level
a - Stone Arrow           Conj/Erth      76%        3d11      1%          3
b - Mephitic Cloud        Conj/Pois/Air  21%        N/A       2%          3
c - Ignite Poison         Fire/Tmut/Pois 9%         N/A       9%          3
d - Irradiate             Conj/Tmut      13%        3d16      11%         5
e - Borgnjor's Vile Clut  Necr/Erth      15%        N/A       6%          5
f - Freezing Cloud        Conj/Ice/Air   11%        6-21      19%         5

Your spell library contained the following spells:

 Spells                   Type           Power      Damage    Failure   Level
 Sandblast                Erth           60%        2d14      1%          1
 Passwall                 Tmut/Erth      15%        N/A       1%          2
 Static Discharge         Conj/Air       27%        3-7/arc   1%          2
 Sublimation of Blood     Necr           33%        N/A       1%          2
 Animate Dead             Necr           33%        N/A       1%          4
 Beastly Appendage        Tmut           18%        N/A       3%          1
 Ensorcelled Hibernation  Hex/Ice        20%        N/A       4%          2
 Wereblood                Tmut           9%         N/A       4%          2
 Lee's Rapid Deconstruct  Erth           15%        3d11*     8%          5
 Spider Form              Tmut/Pois      9%         N/A       9%          3
 Swiftness                Air            9%         N/A       9%          3
 Animate Armour           Summ/Erth      40%        N/A       9%          4
 Leda's Liquefaction      Hex/Erth       10%        N/A       9%          4
 Petrify                  Tmut/Erth      19%        N/A       9%          4
 Lightning Bolt           Conj/Air       13%        1d27      11%         5
 Death Channel            Necr           16%        N/A       30%         6
 Conjure Ball Lightning   Conj/Air       13%        3x3d6     47%         6
 Metabolic Englaciation   Hex/Ice        5%         N/A       54%         5
 Statue Form              Tmut/Erth      12%        N/A       77%         6
 Lehudib's Crystal Spear  Conj/Erth      19%        10d6      99%         8
 Summon Hydra             Summ           4%         N/A       100%        7
 Discord                  Hex            4%         N/A       100%        8
 Disjunction              Tloc           4%         N/A       100%        8
 Maxwell's Capacitive Co  Air            4%         ∞         100%        8


Dungeon Overview and Level Annotations

Branches:
Dungeon (12/15)            Temple (1/1) D:4            Lair (5/5) D:9
  Swamp (0/4) Lair:3       Spider (0/4) Lair:2        Slime (0/5) Lair:5
    Orc (2/2) D:12          IceCv (visited)         Volcano (visited)
    Elf: Orc:2

Altars:
Ashenzari
Cheibriados
Dithmenos
Elyvilon
Fedhas
Gozag
Hepliaklqana
Kikubaaqudgha
Makhleb
Nemelex Xobeh
Okawaru
Qazlal
Ru
Sif Muna
Trog
Uskayaw
Vehumet
Wu Jian
Xom
Yredelemnul
Zin
The Shining One
Jiyva

Shops:
Orc:2 [(

Annotations:
D:5 1 runed translucent door, blackman's ghost, amateur DsFi
D:10 4 transporters
Lair:5 4 runed translucent doors, BigDaddyOpFi's ghost, journeyman GrFi


Innate Abilities, Weirdness & Mutations

You have a beak for a mouth.
You have claws for feet.
Your magical nature lets you fly swiftly and evasively.


Message History

Really fly into that cloud of flame?
Okay, then.
You start resting.
HP restored.
You start resting.
Magic restored.
There is a stone staircase leading down here.
Things that are here:
a +0 battleaxe; a +0 plate armour
There is a staircase back to the Dungeon here.
There is a stone staircase leading down here.
Things that are here:
a +0 battleaxe; a +0 plate armour You fly downwards.
The orc wizard gestures at you while chanting.
You resist with almost no effort.
The orc warlord roars a battlecry!
The orcs go into a battle-frenzy!
The ogre shouts!
You hear a shout!
There is a stone staircase leading up, spattered with blood here.
The orc sorcerer mumbles some strange words.
You feel troubled.
The orc sorcerer points at you and mumbles some strange words.
You suddenly lose the ability to move!
You stop ascending the stairs.
The orc knight hits you with a +0 battleaxe!!
The orc warlord roars a battlecry!
The orc wizard goes into a battle-frenzy!
The warg howls!
The orc sorcerer gestures at you while chanting.
The bolt of fire hits you!!
The orc warrior hits you from afar with a +0 glaive.
The orc knight roars a battlecry!
The orc warlord goes into a battle-frenzy!
The orc warrior hits you from afar with a +0 glaive!
* * * LOW HITPOINT WARNING * * *
The warg bites you but does no damage.
The warg pauses to sniff the ground.
The orc sorcerer casts a spell at you. The bolt of negative energy hits you!!
You feel drained.
You die...

....oho....8...........
..............P.........
.......o................
........................
...........o............
..................
........o...h..... .
§...O.o).......
§§..oo)@.......
§8....hoo......
§§.............
...............
§..............
...............
.$.............
...............


You could see an orc warlord (strong), an orc knight (strong), 2 wargs, an orc
sorcerer (strong), 3 orc warriors, an ogre and an orc wizard (strong).

Vanquished Creatures
  Snorg (D:12)
  A fire dragon (Volcano)
  An ogre mage (Orc:1)
  A boulder beetle (Lair:3)
  5 hydras
  A death knight (D:12)
  8 two-headed ogres
  An orc high priest (Orc:2)
  A death yak (Lair:5)
  Sonja (D:12)
  Nergalle (D:12)
  A bog body (IceCv)
  A deep troll (Lair:4)
  Pikel (D:7)
  4 lindwurms (Volcano)
  A wolf spider (Lair:5)
  2 deep elf pyromancers (D:12)
  An oklob plant (Lair:3)
  2 orc knights
  2 cyclopes
  A necromancer (IceCv)
  2 ugly things
  A guardian serpent (Lair:5)
  9 elephants
  10 black mambas
  2 ice statues (IceCv)
  2 smoke demons (Volcano)
  A torpor snail (Lair:5)
  15 cane toads
  9 komodo dragons
  3 rime drakes
  3 ice devils (IceCv)
  A freezing wraith (IceCv)
  2 anaconda simulacra (IceCv)
  A troll (D:12)
  7 polar bears
  3 hornets (Lair:5)
  Prince Ribbit (D:8)
  11 blink frogs
  2 shadows (D:11)
  16 wyverns
  2 basilisks
  5 dire elephant simulacra (IceCv)
  A wraith (D:12)
  42 yaks
  Eustachio (D:6)
  4 death yak simulacra (IceCv)
  4 redbacks (Lair:5)
  4 steam dragons
  7 vampire mosquitoes
  A harpy simulacrum (IceCv)
  2 acid dragons
  2 hydra simulacra (IceCv)
  Duvessa (D:5)
  25 water moccasins
  A hell hound (Volcano)
  11 orc warriors
  2 ice beasts
  4 black bears
  6 ogres
  10 centaurs
  20 wolves
  A phantom (D:4)
  A lemure (D:8)
  13 bullfrogs
  2 kobold brigands (D:9)
  A two-headed ogre simulacrum (IceCv)
  5 scorpions
  A cane toad simulacrum (IceCv)
  Dowan (D:5)
  6 killer bees
  A howler monkey (D:9)
  An electric eel (Lair:5)
  A hound (D:4)
  6 orc priests
  4 jellies
  2 iguanas
  8 orc wizards
  4 hell rats (Lair:3)
  A spriggan simulacrum (IceCv)
  5 gnolls (D:3)
  10 adders
  6 river rats (Lair:3)
  A shadow imp (D:6)
  A white imp (D:6)
  An ufetubus (D:7)
  5 dart slugs
  59 orcs
  5 bats
  12 endoplasms
  3 giant cockroaches
  6 goblins
  5 hobgoblins
  3 quokkas
  4 ball pythons
  4 frilled lizards
  20 kobolds
  7 rats
510 creatures vanquished.

Vanquished Creatures (collateral kills)
  A killer bee (D:9)
1 creature vanquished.

Vanquished Creatures (others)
  A hobgoblin (D:4)
  58 fungi
  75 plants
  9 toadstools (D:2)
143 creatures vanquished.

Grand Total: 654 creatures vanquished

Notes
Turn   | Place    | Note
-------+----------+-------------------------------------------
     0 | D:1      | Shayle the Tengu Brigand began the quest for the Orb.
     0 | D:1      | Reached XP level 1. HP: 12/12 MP: 2/2
   147 | D:1      | Found a faded altar of an unknown god.
   242 | D:1      | Reached XP level 2. HP: 16/17 MP: 3/3
   622 | D:2      | Reached skill level 1 in Spellcasting
   622 | D:2      | Reached XP level 3. HP: 19/22 MP: 5/5
   632 | D:2      | Learned a level 3 spell: Stone Arrow
  1366 | D:2      | Reached XP level 4. HP: 26/27 MP: 4/6
  1412 | D:2      | Reached skill level 1 in Conjurations
  1490 | D:2      | Gained mutation: Your magical nature lets you fly swiftly
                  | and evasively. [Tengu growth]
  1490 | D:2      | Reached XP level 5. HP: 31/32 MP: 7/7
  1528 | D:2      | Reached skill level 1 in Earth Magic
  1619 | D:2      | Noticed an ogre
  1627 | D:2      | Killed an ogre
  1628 | D:2      | Reached skill level 5 in Stealth
  1628 | D:2      | Reached XP level 6. HP: 30/37 MP: 6/8
  2916 | D:3      | Reached XP level 7. HP: 24/41 MP: 4/9
  3149 | D:3      | Identified a scroll of acquirement
  3149 | D:3      | Acquired a +2 eveningstar of protection
  3810 | D:4      | Found a staircase to the Ecumenical Temple.
  3822 | Temple   | Entered the Ecumenical Temple
  3999 | D:5      | Entered Level 5 of the Dungeon
  4013 | D:5      | Reached skill level 1 in Maces & Flails
  4066 | D:5      | Found a shadowy altar of Dithmenos.
  4093 | D:5      | Found a broken altar of Ashenzari.
  4119 | D:5      | Became a worshipper of Ashenzari the Shackled
  4188 | D:5      | Reached XP level 8. HP: 36/48 MP: 7/10
  4189 | D:5      | Noticed blackman's ghost (amateur DsFi)
  4192 | D:5      | Found a runed translucent door.
  4402 | D:5      | Noticed Duvessa
  4402 | D:5      | Noticed Dowan
  4407 | D:5      | Found a blossoming altar of Fedhas.
  4407 | D:5      | Found a snail-covered altar of Cheibriados.
  4513 | D:5      | Reached skill level 2 in Maces & Flails
  4685 | D:5      | Killed Duvessa
  4688 | D:5      | Killed Dowan
  4897 | D:5      | Reached skill level 5 in Conjurations
  5006 | D:5      | Noticed a +0 hand axe
  5007 | D:5      | Noticed a +3 dagger
  5008 | D:5      | Found a hide-covered altar of Uskayaw.
  5289 | D:6      | Noticed Eustachio
  5299 | D:6      | Killed Eustachio
  5300 | D:6      | Reached skill level 3 in Maces & Flails
  5472 | D:6      | Reached skill level 5 in Fighting
  5472 | D:6      | Reached skill level 5 in Dodging
  5531 | D:6      | Reached XP level 9. HP: 41/54 MP: 11/11
  6097 | D:7      | Reached skill level 4 in Maces & Flails
  6659 | D:7      | Learned a level 3 spell: Mephitic Cloud
  6666 | D:7      | Learned a level 3 spell: Ignite Poison
  6794 | D:8      | Reached skill level 1 in Necromancy
  6808 | D:8      | Reached skill level 5 in Maces & Flails
  6808 | D:8      | Reached XP level 10. HP: 14/61 MP: 5/15
  7044 | D:8      | Noticed Pikel
  7066 | D:8      | Noticed Prince Ribbit
  7190 | D:8      | Killed Prince Ribbit
  7410 | D:7      | Killed Pikel
  7943 | D:8      | Found a shimmering altar of Xom.
  7952 | D:8      | Found a hazy altar of Hepliaklqana.
  7964 | D:8      | Noticed a spectral ugly thing
  8267 | D:9      | Found a glowing silver altar of Zin.
  8306 | D:9      | Found a staircase to the Lair.
  8313 | Lair:1   | Entered Level 1 of the Lair of Beasts
  8318 | Lair:1   | Noticed a cane toad
  8489 | D:9      | Killed a cane toad
  8490 | D:9      | Reached skill level 6 in Maces & Flails
  8934 | D:9      | Noticed a two-headed ogre
  8940 | D:9      | Killed a two-headed ogre
  8941 | D:9      | Reached XP level 11. HP: 57/68 MP: 10/18
  9205 | D:9      | Found an opulent altar of Gozag.
  9206 | D:9      | Found a sparkling altar of Nemelex Xobeh.
  9319 | D:9      | Reached skill level 5 in Necromancy
  9547 | D:10     | Entered Level 10 of the Dungeon
 10547 | Lair:1   | Reached skill level 7 in Maces & Flails
 10777 | Lair:1   | Identified the +0 war axe "Erchyad" {freeze, rPois}
 10823 | Lair:1   | Reached skill level 5 in Spellcasting
 11954 | Lair:2   | Reached skill level 8 in Maces & Flails
 11966 | Lair:2   | Found a dark tunnel.
 12009 | Volcano  | Entered a volcano
 12181 | Volcano  | Reached XP level 12. HP: 75/75 MP: 12/22
 13208 | Volcano  | Noticed a fire dragon
 13208 | Volcano  | Found the +2 cloak of the Thief {*Fog Slay-2 SInv Stlth+}
 13256 | Volcano  | Killed a fire dragon
 13784 | Lair:2   | Noticed an eight-headed hydra
 13806 | Lair:2   | Killed an eight-headed hydra
 14031 | Lair:2   | Found a hole to the Spider Nest.
 14598 | Lair:3   | Reached * piety under Ashenzari
 14762 | Lair:3   | Found a staircase to the Swamp.
 14792 | Lair:3   | Reached skill level 9 in Maces & Flails
 15063 | Lair:3   | Noticed a boulder beetle
 15359 | Lair:3   | Killed a boulder beetle
 15360 | Lair:3   | Reached skill level 1 in Armour
 16520 | Lair:4   | Noticed a five-headed hydra
 16527 | Lair:4   | Killed a five-headed hydra
 16528 | Lair:4   | Reached XP level 13. HP: 35/83 MP: 12/26
 16817 | Lair:4   | Reached skill level 10 in Fighting
 16898 | Lair:4   | Reached skill level 10 in Maces & Flails
 18068 | Lair:5   | Entered Level 5 of the Lair of Beasts
 18092 | Lair:5   | Learned a level 5 spell: Irradiate
 18140 | Lair:5   | Found a frozen archway.
 18174 | IceCv    | Entered an ice cave
 18181 | IceCv    | Reached skill level 5 in Armour
 18737 | IceCv    | Acquired a book of Unlife
 19596 | IceCv    | Reached skill level 11 in Maces & Flails
 19868 | Lair:4   | Learned a level 5 spell: Borgnjor's Vile Clutch
 19872 | Lair:5   | Found a runed translucent door.
 19875 | Lair:5   | Found a staircase to the Slime Pits.
 20225 | Lair:5   | Reached XP level 14. HP: 82/91 MP: 17/28
 21042 | Lair:5   | Reached skill level 12 in Maces & Flails
 22391 | Lair:5   | Reached skill level 5 in Earth Magic
 22670 | Lair:5   | Found a runed translucent gate.
 22670 | Lair:5   | Found a runed translucent gate.
 22671 | Lair:5   | Found a runed translucent gate.
 22671 | Lair:5   | Noticed a quicksilver ooze
 22671 | Lair:5   | Noticed an acid blob
 22671 | Lair:5   | Noticed a quicksilver ooze
 22672 | Lair:5   | Noticed an acid blob
 22672 | Lair:5   | Noticed an azure jelly
 22673 | Lair:5   | Noticed an azure jelly
 22673 | Lair:5   | Noticed an acid blob
 22673 | Lair:5   | Noticed BigDaddyOpFi's ghost (journeyman GrFi)
 22673 | Lair:5   | Noticed an acid blob
 22674 | Lair:5   | Noticed an azure jelly
 22674 | Lair:5   | Noticed an acid blob
 22675 | Lair:5   | Noticed an azure jelly
 22706 | Lair:5   | Found a viscous altar of Jiyva.
 23163 | D:10     | Found a transporter.
 23215 | D:10     | Found a transporter.
 23229 | D:10     | Found a transporter.
 23233 | D:10     | Identified the +7 trident of Arrival {flame, rF++ rC+}
 23573 | D:10     | Found a transporter.
 23972 | D:11     | Identified the +0 robe of Knowledge {Drain rF+++ rC+ rCorr}
 24696 | D:12     | Noticed Nergalle
 24706 | D:12     | Killed Nergalle
 24783 | D:12     | Reached skill level 13 in Maces & Flails
 24941 | D:12     | Noticed Snorg
 24955 | D:12     | Killed Snorg
 25500 | D:12     | Found a staircase to the Orcish Mines.
 25586 | Orc:1    | Entered Level 1 of the Orcish Mines
 25764 | D:12     | Noticed Sonja
 25843 | D:12     | Killed Sonja
 25844 | D:12     | Reached XP level 15. HP: 54/92 MP: 4/30
 26962 | Orc:2    | Entered Level 2 of the Orcish Mines
 26962 | Orc:2    | Noticed an orc warlord
 26962 | Orc:2    | Found Atzepimpez's Antique Weapon Shoppe.
 26962 | Orc:2    | Found Jyes's Antique Armour Emporium.
 26971 | Orc:1    | Learned a level 5 spell: Freezing Cloud
 27396 | Orc:2    | Paralysed by an orc sorcerer for 5 turns
 27399 | Orc:2    | Killed from afar by an orc sorcerer

Illustrated notes

Levels and vault maps discovered:
D:1:      dpeg_arrival_short_road, layout_basic,
          hellmonk_ecumenical_altar_blasted
D:2:      cheibrodos_fertilizer, layout_loops_cross
D:3:      minmay_angry_zag, layout_rooms
D:4:      layout_loops_cross, lemuel_temple_firewalk_b
D:5:      layout_loops_corners, mainiacjoe_overflow_cross_hatched,
          mainiacjoe_overflow_chevrons, grunt_temple_overflow_open,
          dancing_weapons_uskayaw, hellmonk_ghost_happy_afterlife,
          eino_tiny_chamber, serial_bayou_pond_d, uniq_duvessa
D:6:      layout_cave_pools, uniq_eustachio
D:7:      layout_basic
D:8:      layout_rooms, regret_index_temple_of_mockery, uniq_pikel,
          uniq_prince_ribbit1
D:9:      layout_layer_cave, grunt_temple_overflow_opulence,
          amcnicky_altar_gilded, dpeg_oklobed_lair
D:10:     layout_gridville, nicolae_transporter_intersection
D:11:     layout_loops_ring
D:12:     layout_stronghold, david_orc_5, hangedman_decor_slide_cut, uniq_snorg,
          uniq_nergalle, uniq_sonja
Temple:   nicolae_temple_hex_pool
Lair:1:   layout_regular_city
Lair:2:   layout_regular_city, spider_nest_entry_web_field,
          nicolae_volcano_entry_lava_flow
Lair:3:   beast_lair_carwin_large_2, layout_cave_pods, swamp_mist,
          kennysheep_abandoned_house
Lair:4:   dreamdust_cave_troll, layout_long_grid, st_stairs_8
Lair:5:   hangedman_lair_tendril_chambers, layout_concentric_octagons,
          slime_entry_2, gammafunk_ghost_ooze, portal_ice_cave_entry_pillars_1,
          chequers_serial_rivers_small_b, minivault_11, guppyfry_lair_drakes,
          lemuel_fruit_tree, serial_bayou_shore_b
Orc:1:    layout_caves, hangedman_feature_mirror
Orc:2:    grunt_orc_gardens, layout_caves, grunt_orc_garden, grunt_orc_garden,
          grunt_orc_garden, grunt_orc_garden, statue_in_the_mist_lemuel,
          guppyfry_library_mini

Skill      XL: |  1  2  3  4  5  6  7  8  9 10 11 12 13 14 15 |
---------------+----------------------------------------------+-----
Spellcasting   | 1 2 4 5 7 8 9 |  9.6
Dodging        | 2 3 4 5 6 7 8 9 |  9.8
Conjurations   | 1 2 3 4 5 6 7 9 |  9.2
Fighting       | 3 4 5 6 7 8 9 10 11 | 11.9
Earth Magic    | 1 2 3 4 5 |  5.8
Stealth        | 5 6 7 8 |  8.0
Maces & Flails | 1 3 5 6 8 9 11 13 | 13.7
Necromancy     | 2 4 5 |  5.7
Armour         | 2 6 7 8 |  8.1
Short Blades   | |  2.1
Throwing       | |  2.0
Ice Magic      | |  0.7

Action                   |  1- 3 |  4- 6 |  7- 9 | 10-12 | 13-15 || total
-------------------------+-------+-------+-------+-------+-------++-------
Melee: Dagger            |    38 |       |       |       |       ||    38
       Kick              |    12 |    32 |    44 |    86 |   150 ||   324
       Peck              |     6 |    22 |    30 |    49 |    85 ||   192
       Long sword        |    25 |   119 |     7 |       |       ||   151
       Punch             |       |     2 |     3 |     3 |     3 ||    11
       Eveningstar       |       |       |   146 |   270 |   434 ||   850
Throw: Dart              |     3 |     2 |     1 |     1 |       ||     7
 Cast: Stone Arrow       |       |       |     1 |   122 |   183 ||   306
       Mephitic Cloud    |       |       |       |    33 |    47 ||    80
       Ignite Poison     |       |       |       |    14 |    29 ||    43
       Borgnjor's Vile C |       |       |       |       |    87 ||    87
       Freezing Cloud    |       |       |       |       |     1 ||     1
Invok: Curse Item        |       |       |     1 |     1 |       ||     2
Evoke: Wand              |       |       |       |     5 |     3 ||     8
  Use: Scroll            |       |     3 |     8 |    17 |     3 ||    31
       Potion            |       |       |     4 |     4 |     1 ||     9
 Stab: Sleeping          |    13 |     5 |    13 |     8 |     3 ||    42
       Distracted        |     1 |       |       |       |     1 ||     2
       Confused          |       |       |       |     7 |    18 ||    25
Armor: Robe              |    16 |    20 |    63 |    15 |       ||   114
       Steam dragon scal |       |       |       |    89 |   114 ||   203
Dodge: Dodged            |    32 |   105 |   182 |   305 |   465 ||  1089
